 Dungeon Crawl Stone Soup version 0.20.1-1-g8b1a95d (webtiles) character file.

2869 manyhoops the Covert (level 10, -6/53 HPs)
             Began as a Kobold Hunter on July 15, 2017.
             Was an Initiate of Gozag.
             Mangled by an orc warrior
             ... wielding a +0 glaive
              (25 damage)
             ... on level 7 of the Dungeon on July 21, 2017.
             The game lasted 00:19:50 (7902 turns).

manyhoops the Covert (Kobold Hunter)                Turns: 7902, Time: 00:19:51

Health: -6/53      AC:  6    Str: 14    XL:     10   Next: 4%
Magic:  10/10      EV: 16    Int: 13    God:    Gozag
Gold:   527        SH:  0    Dex: 21    Spells: 9/9 levels left

rFire    . . .     SeeInvis +   b - +2 dagger (elec)
rCold    . . .     Gourm    .   (shield restricted)
rNeg     . . .     Faith    .   c - +0 leather armour
rPois    .         Spirit   .   r - +2 hat
rElec    .         Reflect  .   (no cloak)
rCorr    .         Harm     .   (no gloves)
MR       .....                  G - +0 pair of boots of Least Resistance {Regen+ Str+5 Int-3 Dex+3}
Stlth    ++++++....             (no amulet)
Regen    0.6/turn               u - +2 ring of intelligence
MPRegen  0.2/turn               J - ring of see invisible

@: no status effects
A: carnivore 3
a: Potion Petition, Call Merchant, Bribe Branch, Renounce Religion


You were on level 7 of the Dungeon.
You worshipped Gozag.
Gozag was pleased with you.
You were not hungry.

You visited 2 branches of the dungeon, and saw 8 of its levels.
You also visited: Ossuary.

You collected 834 gold pieces.
You spent 264 gold pieces at shops.
You paid 43 gold pieces to Gozag.

Inventory:

Hand Weapons
 a - a +2 hunting sling
 b - a +2 dagger of electrocution (weapon)
Missiles
 d - 11 tomahawks (quivered)
 e - 132 stones
 v - a sling bullet
Armour
 c - a +0 leather armour (worn)
 g - a +0 pair of boots
 r - a +2 hat (worn)
 G - the +0 pair of boots of Least Resistance (worn) {Regen+ Str+5 Int-3 Dex+3}
   (You bought it in a shop on level 5 of the Dungeon)

   It affects your strength (+5).
   It affects your intelligence (-3).
   It affects your dexterity (+3).
   It increases your rate of regeneration.
Jewellery
 q - an uncursed ring of fire
 u - a +2 ring of intelligence (left hand)
 J - a ring of see invisible (right hand)
Wands
 n - a wand of paralysis (8/24)
 y - a wand of lightning (0/15)
 B - a wand of flame (25/48)
 K - a wand of polymorph (10/24)
Scrolls
 j - 3 scrolls of magic mapping
 l - 8 scrolls of remove curse
 m - a scroll of teleportation
 t - a scroll of noise {unknown}
 w - a scroll of enchant weapon
 x - a scroll of enchant armour
 D - a scroll of immolation
 E - a scroll of summoning {unknown}
Potions
 f - a potion of resistance
 i - 7 potions of curing
 k - a potion of brilliance {unknown}
 p - 2 potions of invisibility
 s - a potion of flight {unknown}
 A - a potion of agility {unknown}
 C - 2 potions of might
 H - a potion of mutation {unknown}
 I - a potion of lignification
 L - a potion of haste
Books
 o - a book of Changes

   Spells                             Type                      Level
   a - Beastly Appendage              Transmutation                1
   b - Sticks to Snakes               Transmutation                2
   c - Spider Form                    Transmutation/Poison         3
   d - Ice Form                       Ice/Transmutation            4
   e - Blade Hands                    Transmutation                5
Comestibles
 h - a meat ration


   Skills:
 - Level 2.1 Fighting
 + Level 8.6 Short Blades
 - Level 6.0 Slings
 + Level 3.5 Dodging
 - Level 13.8 Stealth


You had 9 spell levels left.
You didn't know any spells.

Dungeon Overview and Level Annotations

Branches:
Dungeon (7/15)             Temple (1/1) D:4

Altars:
Dithmenos
Gozag
Hepliaklqana
Nemelex Xobeh
Qazlal
Uskayaw
Xom
Zin
The Shining One

Shops:
D:5 *

Annotations:
D:4 Grinder


Innate Abilities, Weirdness & Mutations

You are small and have problems with some larger weapons.
You are carnivorous and can eat meat at any time.


Message History

You hit the orc warrior but do no damage.
The orc warrior is moderately wounded.
You hit the orc warrior but do no damage.
The orc warrior is moderately wounded.
The orc warrior closely misses you.
You hit the orc warrior.
The orc warrior is moderately wounded.
You barely miss the orc warrior.
The orc warrior is moderately wounded.
The orc warrior hits you with a glaive!!
You hit the orc warrior but do no damage.
The orc warrior is moderately wounded.
You closely miss the orc warrior.
The orc warrior is moderately wounded.
The orc warrior completely misses you.
You hit the orc warrior.
The orc warrior is moderately wounded.
The orc warrior hits you from afar with a glaive!!
You die...
Your body crumbles into a pile of gold.

##.# #..# #.# #.#
#J$# #.###.# #..#
#.....# #.(#
#####.# #.o# #.#
#.o# ##J# #..#
#..# #..#######..#
#..oo$@.....#
##.########.##
#..# #.# #.##
#.########### #.#
#..##.......# #.#
##.##.#####.#
##.#########...#.#
#.#
#..##............#
#.#
#.###.######...###
#.#


You could see an orc warrior and an orc.

Vanquished Creatures
  Sigmund (D:6)
  2 sky beasts (D:6)
  An orc warrior (D:6)
  A phantom (D:7)
  An ogre (D:6)
  A centaur (D:7)
  Blork the orc (D:6)
  6 bullfrogs
  4 water moccasin zombies (Ossuary)
  3 scorpions
  5 wights (D:6)
  2 howler monkeys (D:6)
  A crimson imp (D:6)
  A quasit (D:6)
  4 hounds (D:5)
  2 jellies
  A bullfrog skeleton (D:7)
  A centaur skeleton (D:6)
  2 orc priests
  4 iguanas
  7 orc wizards
  3 worker ants
  A big kobold zombie (Ossuary)
  2 mummies (Ossuary)
  4 gnolls (D:3)
  11 adders
  A shadow imp (D:5)
  7 oozes
  An adder skeleton (D:6)
  7 adder zombies (Ossuary)
  2 worms
  4 leopard geckos
  27 orcs
  A ball python (D:1)
  3 bats
  4 giant cockroaches
  7 goblins
  4 hobgoblins
  3 jackals (D:2)
  4 kobolds
  A quokka (D:2)
  3 frilled lizards
  2 hobgoblin zombies (Ossuary)
  A kobold zombie (Ossuary)
  4 orc zombies (Ossuary)
  4 rats
162 creatures vanquished.

Vanquished Creatures (others)
  2 fungi (D:7)
2 creatures vanquished.

Grand Total: 164 creatures vanquished

Notes
Turn   | Place    | Note
-------+----------+-------------------------------------------
     0 | D:1      | manyhoops the Kobold Hunter began the quest for the Orb.
     0 | D:1      | Reached XP level 1. HP: 12/12 MP: 1/1
   165 | D:1      | Reached XP level 2. HP: 17/17 MP: 2/2
   455 | D:2      | Reached XP level 3. HP: 21/21 MP: 3/3
   583 | D:2      | Reached skill level 5 in Slings
  1102 | D:1      | Reached XP level 4. HP: 26/26 MP: 4/4
  1849 | D:3      | Reached XP level 5. HP: 30/30 MP: 5/5
  2120 | D:3      | Reached skill level 1 in Short Blades
  2381 | D:3      | Found a sparkling altar of Nemelex Xobeh.
  2546 | D:4      | Found a staircase to the Ecumenical Temple.
  2936 | D:4      | Reached XP level 6. HP: 23/35 MP: 6/6
  3451 | Temple   | Entered the Ecumenical Temple
  3516 | Temple   | Became a worshipper of Gozag Ym Sagoz the Greedy
  3664 | D:4      | Noticed Grinder
  3674 | D:5      | Entered Level 5 of the Dungeon
  3674 | D:5      | Found a sand-covered staircase.
  3683 | Ossuary  | Entered an ossuary
  3692 | Ossuary  | Reached skill level 5 in Short Blades
  3988 | Ossuary  | Reached XP level 7. HP: 12/40 MP: 7/7
  5330 | D:5      | Reached skill level 2 in Stealth
  5446 | D:5      | Found Fott's General Store.
  5455 | D:5      | Bought the +0 pair of boots of Least Resistance {Regen+ Str+5 Int-3 Dex+3} for 264 gold pieces
  5493 | D:5      | Reached skill level 3 in Stealth
  5555 | D:5      | Reached skill level 4 in Stealth
  5563 | D:5      | Reached XP level 8. HP: 42/44 MP: 8/8
  5696 | D:5      | Reached skill level 5 in Stealth
  5819 | D:5      | Reached skill level 6 in Stealth
  5886 | D:5      | Reached skill level 7 in Stealth
  6120 | D:5      | Reached skill level 8 in Stealth
  6383 | D:6      | Reached skill level 9 in Stealth
  6610 | D:6      | Reached skill level 10 in Stealth
  6641 | D:6      | Reached XP level 9. HP: 48/48 MP: 9/9
  6687 | D:6      | Reached skill level 11 in Stealth
  6716 | D:6      | Reached skill level 12 in Stealth
  6770 | D:6      | Noticed Blork the orc
  6951 | D:6      | Noticed Sigmund
  7066 | D:6      | Found a shadowy altar of Dithmenos.
  7083 | D:6      | Killed Blork the orc
  7083 | D:6      | Reached skill level 13 in Stealth
  7360 | D:6      | Killed Sigmund
  7765 | D:7      | HP: 1/48 [acid (5)]
  7816 | D:7      | Reached XP level 10. HP: 47/53 MP: 10/10
  7902 | D:7      | Mangled by an orc warrior

Skill      XL: |  1  2  3  4  5  6  7  8  9 |
---------------+----------------------------+-----
Slings         | 5 6 |  6.0
Short Blades   | 4 6 7 8 |  8.6
Stealth        | 4 10 13 | 13.8
Dodging        | 3 |  3.5
Fighting       | |  2.1

Action                   |  1- 3 |  4- 6 |  7- 9 | 10-12 || total
-------------------------+-------+-------+-------+-------++-------
Melee: Dagger            |       |    41 |   194 |    31 ||   266
 Fire: Hunting sling     |    84 |   192 |   198 |       ||   474
Evoke: Wand              |       |     1 |     3 |       ||     4
  Use: Scroll            |     2 |     2 |    10 |       ||    14
       Potion            |       |     5 |     3 |       ||     8
 Stab: Sleeping          |       |       |    12 |       ||    12
       Paralysed         |       |       |     3 |       ||     3
       Distracted        |       |       |     3 |       ||     3
  Eat: Chunk             |       |     9 |       |       ||     9
       Meat ration       |       |       |     2 |       ||     2
       Royal jelly       |       |       |     1 |       ||     1
Armor: Leather armour    |    13 |    22 |    48 |       ||    83
Dodge: Dodged            |    39 |    87 |   146 |    14 ||   286
